 Dungeon Crawl Stone Soup version 0.28-a0-655-g4eb62b627b (webtiles) character file.

Game seed: 4431310293458838194

0 meatgazer the Skirmisher (level 1, -14/18 HPs)
             Began as a Demonspawn Abyssal Knight on Oct 12, 2021.
             Was a Follower of Lugonu.
             Demolished by a tentacled starspawn (29 damage)
             ... on level 2 of the Abyss.
             The game lasted 00:00:31 (326 turns).

meatgazer the Skirmisher (Demonspawn Abyssal Knight) Turns: 326, Time: 00:00:32

Health: -14/18     AC:  3    Str: 13    XL:     1   Next: 0%
Magic:  2/2        EV:  8    Int: 11    God:    Lugonu [*.....]
Gold:   15         SH:  0    Dex: 13    Spells: 0/0 levels left

rFire   . . .      SeeInvis .   a - +1 spear
rCold   . . .      Faith    .   (no shield)
rNeg    . . .      Spirit   .   b - +0 leather armour
rPois   .          Reflect  .   (no helmet)
rElec   .          Harm     .   (no cloak)
rCorr   .          Rampage  .   (no gloves)
Will    .....                   (no boots)
Stlth   +.........              (no amulet)
HPRegen 0.06/turn               (no ring)
MPRegen 0.08/turn               (no ring)

@: constricted
A: no striking features
a: Renounce Religion, Depart the Abyss


You were on level 2 of the Abyss.
You worshipped Lugonu.
Lugonu was aware of your devotion.
You visited 0 branches of the dungeon, and saw 0 of its levels.
You visited the Abyss 1 time.

You collected 15 gold pieces.

Inventory:

Hand Weapons
 a - a +1 spear (weapon)
Armour
 b - a +0 leather armour (worn)
Scrolls
 c - a scroll of immolation


   Skills:
 + Level 3.0 Fighting
 + Level 1.7 Polearms
 + Level 1.7 Armour
 + Level 0.8 Dodging
 + Level 2.4 Invocations


You couldn't memorise any spells.
You didn't know any spells.
Your spell library was empty.

Dungeon Overview and Level Annotations

Branches:
Dungeon (0/15)

Altars:


Message History

Welcome, meatgazer the Demonspawn Abyssal Knight.
You feel drawn to the Orb of Zot, downwards into the unfathomable depths...
Lugonu says: Depart the Abyss and spread corruption, my servant! (use the ability menu to exit the Abyss) Press ? for a list of commands and other information.
Found a corrupted altar of Lugonu.
Found a gateway leading out of the Abyss.
There is a gateway leading out of the Abyss here.
There is a gateway leading out of the Abyss here.
Found a gateway leading deeper into the Abyss.
There is a gateway leading deeper into the Abyss here.
You now have 15 gold pieces.
There is a gateway leading deeper into the Abyss here.
You plunge deeper into the Abyss.
Found a scroll labelled HIUTAPLUDO.
c - a scroll labelled HIUTAPLUDO
c - 2 scrolls labelled HIUTAPLUDO (gained 1)
A large abomination comes into view.
As you read the scroll labelled HIUTAPLUDO, it crumbles to dust.
The creatures around you are filled with an inner flame!
It was a scroll of immolation.
You start waiting.
You start waiting.
You start waiting.
You start waiting.
A tentacled starspawn comes into view.
You start waiting.
A tentacled starspawn is nearby!
A tentacled starspawn is nearby!
Tentacles burst from the starspawn's body! 2 starspawn tentacles come into view.
You hit the tentacled starspawn.
The tentacled starspawn is lightly damaged.
The starspawn tentacle grabs you. The starspawn tentacle constricts you.
The tentacled starspawn bites you!!
Ouch! That really hurt!
You die...

. # ###
####Λ#
#.wX#.#
##@#. .
..
#.#..#. .
####....#
X ##..#
.#.# . #
# # . # .
# . # .


You could see a tentacled starspawn and a starspawn tentacle.

Vanquished Creatures (others)
  A lurking horror (Abyss:2)
1 creature vanquished.

Notes
Turn   | Place    | Note
-------+----------+-------------------------------------------
     0 | Abyss:1  | meatgazer the Demonspawn Abyssal Knight began the quest for
                  | the Orb.
     0 | Abyss:1  | Reached XP level 1. HP: 18/18 MP: 2/2
    50 | Abyss:1  | Found a corrupted altar of Lugonu.
   165 | Abyss:2  | Noticed a large abomination
   292 | Abyss:2  | Noticed a tentacled starspawn
   326 | Abyss:2  | Demolished by a tentacled starspawn

Illustrated notes

Levels and vault maps discovered:
Abyss:2:  base:
Temple

Action                   || total
-------------------------++-------
Melee: Spear             ||     1
  Use: Scroll            ||     1

Table legend: (Time is in decaauts)
 A = Elapsed time spent in this place.
 B = Non-inter-level travel time spent in this place.
 C = Inter-level travel time spent in this place.
 D = Time resting spent in this place.
 E = Time spent auto-exploring this place.
 F = Levels seen in this place.
 G = Mean time per level.
                   A        B        C        D        E       F      G
               +--------+--------+--------+--------+--------+-----+--------+
         Total |    325 |    325 |      0 |    138 |    134 |   2 |  162.5 |
         Abyss |    325 |    325 |      0 |    138 |    134 |   2 |  162.5 |
               +--------+--------+--------+--------+--------+-----+--------+

Top non-repeatable levels by time:
 Abyss:2: 215 daAuts
 Abyss:1: 110 daAuts
